 Dungeon Crawl Stone Soup version 0.27-a0-1196-g3e9cee4cb2 (webtiles) character file.

Game seed: 5759147725668035144

583 bilbop the Covered (level 7, 0/61 HPs)
             Began as a Minotaur Fighter on May 28, 2021.
             Slain by an ogre
             ... wielding a +0 giant spiked club
              (13 damage)
             ... on level 5 of the Dungeon.
             The game lasted 00:13:21 (4391 turns).

bilbop the Covered (Minotaur Fighter)               Turns: 4391, Time: 00:13:22

Health: 0/61       AC: 11    Str: 22    XL:     7   Next: 14%
Magic:  0/9        EV:  6    Int:  6    God:
Gold:   164        SH: 10    Dex:  9    Spells: 10/10 levels left

rFire    . . .     SeeInvis .   f - +4 mace
rCold    . . .     Faith    .   c - +0 kite shield
rNeg     . . .     Spirit   +   t - +0 chain mail
rPois    .         Reflect  .   (helmet restricted)
rElec    .         Harm     .   (no cloak)
rCorr    +         Rampage  .   s - +0 pair of gloves
Will     +....                  (no boots)
Stlth    ..........             p - amulet of guardian spirit
HPRegen  0.20/turn              n - ring of resist corrosion
MPRegen  0.11/turn              r - ring of willpower

@: lethally poisoned (0 -> -2)
A: horns 2, retaliatory headbutt
a: no special abilities


You were on level 5 of the Dungeon.
You visited 1 branch of the dungeon, and saw 5 of its levels.

You collected 164 gold pieces.

Inventory:

Hand Weapons
 a - a +0 flail
 f - a +4 mace (weapon)
Armour
 b - a +0 scale mail
 c - a +0 kite shield (worn)
 s - a +0 pair of gloves (worn)
 t - a +0 chain mail (worn)
Jewellery
 n - a ring of resist corrosion (left hand)
 p - an amulet of guardian spirit (around neck)
 r - a ring of willpower (right hand)
Wands
 q - a wand of paralysis (4)
Scrolls
 g - 5 scrolls of identify {unknown}
 h - a scroll of vulnerability {unknown}
 i - a scroll of immolation {unknown}
 j - 2 scrolls of teleportation {unknown}
 k - a scroll of enchant armour {unknown}
 m - a scroll of acquirement {unknown}
Potions
 d - a potion of might
 e - 4 potions of lignification {unknown}
 l - a potion of haste {unknown}
 o - a potion of magic {unknown}


   Skills:
 + Level 5.4 Fighting
 + Level 4.7 Maces & Flails
 + Level 5.4 Armour
 + Level 5.4 Shields
 + Level 2.1 Spellcasting


You had 10 spell levels left.
You didn't know any spells.
Your spell library contained the following spells:

 Spells                   Type           Power      Damage    Failure   Level
 Apportation              Tloc           0%         N/A       100%        1
 Foxfire                  Conj/Fire      0%         2x1d4     100%        1
 Freeze                   Ice            0%         1d3       100%        1
 Summon Small Mammal      Summ           0%         N/A       100%        1
 Blink                    Tloc           N/A        N/A       100%        2
 Call Imp                 Summ           0%         N/A       100%        2
 Call Canine Familiar     Summ           0%         N/A       100%        3
 Conjure Flame            Conj/Fire      0%         6-21      100%        3
 Inner Flame              Hex/Fire       0%         N/A       100%        3
 Ozocubu's Armour         Ice            0%         N/A       100%        3
 Summon Guardian Golem    Hex/Summ       0%         N/A       100%        3
 Sticky Flame             Conj/Fire      0%         2d3       100%        4
 Summon Ice Beast         Ice/Summ       0%         N/A       100%        4
 Summon Lightning Spire   Summ/Air       0%         N/A       100%        4
 Fireball                 Conj/Fire      0%         3d3       100%        5
 Summon Forest            Summ/Tloc      0%         N/A       100%        5
 Disjunction              Tloc           0%         N/A       100%        8


Dungeon Overview and Level Annotations

Branches:
Dungeon (5/15)
 Temple: D:4-7

Altars:
Uskayaw
Wu Jian


Innate Abilities, Weirdness & Mutations

You have a pair of horns on your head.
You reflexively headbutt those who attack you in melee.


Message History

You closely miss Edmund.
Edmund is heavily wounded.
The adder bites you but does no damage. The white imp hits you.
The white imp freezes you. Edmund hits you but does no damage.
The adder bites you but does no damage.
You hit Edmund. You headbutt Edmund!
Edmund is almost dead.
The adder bites you but does no damage. The white imp barely misses you.
You block Edmund's attack. The adder bites you but does no damage.
The white imp hits you but does no damage.
You sock Edmund!
You kill Edmund!
The adder barely misses you. The white imp barely misses you.
Your Spellcasting skill increases to level 2!
You have reached level 7!
The adder bites you but does no damage.
There is a stone staircase leading up here.
You barely miss the ogre. The adder bites you.
The ogre hits you with a +0 giant spiked club!
The adder bites you but does no damage.
You hit the ogre. Your headbutt misses the ogre.
The ogre is lightly wounded.
The white imp gestures at you. The puff of frost hits you. The adder bites you.
You are poisoned.
The adder poisons you! You block the ogre's attack. The adder bites you.
The white imp gestures at you. The puff of frost hits you.
You thump the ogre!
The ogre is moderately wounded.
You feel sick. You block the ogre's attack. The adder barely misses you.
The white imp laughs crazily.
The white imp hits you but does no damage.
The adder bites you.
* * * LOW HITPOINT WARNING * * *
You barely miss the ogre.
The ogre is moderately wounded.
You feel sick.
The ogre hits you with a +0 giant spiked club!
You die...

..... ... ..≈≈
.....##..
...≈≈
...#>.##...≈≈
#.........
##...)..#
##.....# ≈
#......## .≈≈
#.#..SO5##..≈≈
#.##@.....≈≈
..# #....#.≈≈
.... #......≈≈
... #......≈≈
.. .....#.≈≈
.....#.≈≈
....... ≈≈
......#.
.........≈


You could see an ogre, an adder and a white imp.

Vanquished Creatures
  Edmund (D:5)
  An ogre (D:4)
  3 orc priests (D:4)
  A jelly (D:4)
  A centaur skeleton (D:4)
  An iguana (D:4)
  An orc wizard (D:4)
  3 gnolls (D:3)
  4 adders
  An ufetubus (D:4)
  An adder skeleton (D:5)
  2 worms
  A dart slug (D:2)
  13 orcs
  7 endoplasms
  3 giant cockroaches
  5 goblins
  10 hobgoblins
  9 jackals
  5 kobolds
  3 quokkas
  9 ball pythons
  3 bats
  3 frilled lizards
  3 rats
94 creatures vanquished.

Notes
Turn   | Place    | Note
-------+----------+-------------------------------------------
     0 | D:1      | bilbop the Minotaur Fighter began the quest for the Orb.
     0 | D:1      | Reached XP level 1. HP: 19/19 MP: 0/0
     5 | D:1      | Noticed a black mamba
   273 | D:1      | Reached XP level 2. HP: 23/27 MP: 1/1
   893 | D:1      | Reached XP level 3. HP: 31/33 MP: 2/2
  1169 | D:1      | Noticed an elephant
  1438 | D:2      | Reached XP level 4. HP: 34/40 MP: 4/4
  1577 | D:2      | Found a faded altar of an unknown god.
  1720 | D:3      | Reached skill level 1 in Spellcasting
  2227 | D:3      | Identified the Papyrus of the Glacial Voyage
  2426 | D:3      | Noticed a +0 hand axe
  2426 | D:3      | Noticed a +0 hand axe
  2498 | D:3      | Found a hide-covered altar of Uskayaw.
  2510 | D:3      | Reached XP level 5. HP: 37/47 MP: 5/5
  2911 | D:4      | Found an ornate altar of the Wu Jian Council.
  3333 | D:4      | Noticed an ogre
  3342 | D:4      | Killed an ogre
  3343 | D:4      | Reached skill level 5 in Fighting
  3343 | D:4      | Reached skill level 5 in Armour
  3343 | D:4      | Reached XP level 6. HP: 40/56 MP: 4/7
  3503 | D:4      | Reached skill level 5 in Shields
  4361 | D:5      | Entered Level 5 of the Dungeon
  4372 | D:5      | Noticed Edmund
  4384 | D:5      | Killed Edmund
  4385 | D:5      | Reached XP level 7. HP: 35/61 MP: 5/9
  4391 | D:5      | Slain by an ogre

Illustrated notes

Levels and vault maps discovered:
D:1:      sevenhm_arrival_forest_fort_small_2, layout_basic
D:2:      layout_rooms, ebering_ecumenical_altar_mist
D:3:      layout_basic, dancing_weapons_uskayaw, kennysheep_decorative_pillar,
          chequers_serial_rivers_large_a
D:4:      layout_loops_corners, nicolae_wu_jian_wuxing_cycle
D:5:      layout_cave_pools, minmay_temple_entry_poolview,
          gammafunk_ghost_gnarly_gnolls, roderic_lattice_a, uniq_edmund,
          uniq_pikel

Skill      XL: |  1  2  3  4  5  6 |
---------------+-------------------+-----
Armour         | 4 5 |  5.4
Fighting       | 4 5 |  5.4
Shields        | 4 5 |  5.4
Maces & Flails | 3 4 |  4.7
Spellcasting   | 1 2 |  2.1

Action                   |  1- 3 |  4- 6 |  7- 9 || total
-------------------------+-------+-------+-------++-------
Melee: Flail             |    34 |       |       ||    34
       Headbutt          |     7 |    14 |       ||    21
       Mace              |    53 |   137 |     4 ||   194
Armor: Scale mail        |    41 |    36 |       ||    77
       Chain mail        |       |    25 |     3 ||    28
Dodge: Dodged            |    30 |    46 |     1 ||    77
Block: Kite shield       |    45 |    79 |     2 ||   126

Table legend: (Time is in decaauts)
 A = Elapsed time spent in this place.
 B = Non-inter-level travel time spent in this place.
 C = Inter-level travel time spent in this place.
 D = Time resting spent in this place.
 E = Time spent auto-exploring this place.
 F = Levels seen in this place.
 G = Mean time per level.
                   A        B        C        D        E       F      G
               +--------+--------+--------+--------+--------+-----+--------+
         Total |   4503 |   4371 |    132 |    739 |   3015 |   5 |  900.6 |
       Dungeon |   4503 |   4371 |    132 |    739 |   3015 |   5 |  900.6 |
               +--------+--------+--------+--------+--------+-----+--------+

Top non-repeatable levels by time:
     D:4: 1567 daAuts
     D:1: 1279 daAuts
     D:3: 1192 daAuts
     D:2: 429 daAuts
     D:5: 34 daAuts
